 Dungeon Crawl Stone Soup version 0.24-a0-203-gf0bc1e9 (webtiles) character file.

Game seed: 10512070669175071303

158 Borgoz the Cutter (level 5, -1/32 HPs)
             Began as a Kobold Gladiator on Mar 27, 2019.
             Slain by a centaur skeleton (7 damage)
             ... on level 4 of the Dungeon.
             The game lasted 00:04:47 (2331 turns).

Borgoz the Cutter (Kobold Gladiator)                Turns: 2331, Time: 00:04:48

Health: -1/32      AC:  4    Str: 11 (13) XL:     5   Next: 67%
Magic:  5/5        EV: 16    Int:  8 (9)  God:
Gold:   169        SH:  0    Dex: 14 (16) Spells: 4/4 levels left

rFire    . . .     SeeInvis .   n - +0 short sword (vamp)
rCold    . . .     Gourm    .   (shield restricted)
rNeg     . . .     Faith    .   b - +0 leather armour
rPois    .         Spirit   .   c - +0 helmet
rElec    .         Reflect  .   (no cloak)
rCorr    .         Harm     .   (no gloves)
MR       .....                  (no boots)
Stlth    ++........             (no amulet)
HPRegen  0.10/turn              (no ring)
MPRegen  0.09/turn              (no ring)

@: no status effects
A: small, carnivore
a: no special abilities


You were on level 4 of the Dungeon.
You were very full.

You visited 1 branch of the dungeon, and saw 4 of its levels.

You collected 169 gold pieces.

Inventory:

Hand Weapons
 a - a +0 rapier
 i - a +2 vampiric dagger
 m - a +0 dagger of electrocution
 n - a +0 vampiric short sword (weapon)
 o - a +3 dagger
Missiles
 d - 3 throwing nets (quivered)
Armour
 b - a +0 leather armour (worn)
 c - a +0 helmet (worn)
 r - a +0 cloak
Scrolls
 e - a scroll of enchant weapon {unknown}
 g - 2 scrolls of remove curse
 h - a scroll of enchant armour {unknown}
 l - a scroll of identify
 p - 2 scrolls of blinking {unknown}
 q - a scroll of teleportation {unknown}
 s - a scroll of fear {unknown}
Comestibles
 f - 4 rations


   Skills:
 + Level 3.1 Fighting
 + Level 4.7 Short Blades
 + Level 3.1 Throwing
 + Level 1.5 Armour
 + Level 4.3 Dodging
 + Level 2.6 Stealth


You had 4 spell levels left.
You didn't know any spells.
Your spell library was empty.

Dungeon Overview and Level Annotations

Branches:
Dungeon (4/15)             Temple (0/1) D:4

Altars:


Innate Abilities, Weirdness & Mutations

You are small and have problems with some larger weapons.
You are carnivorous and can eat meat at any time.


Message History

You closely miss the iguana.
The iguana is almost dead.
The iguana hisses menacingly.
The iguana barely misses you.
You hit the iguana but do no damage.
The iguana is almost dead.
The iguana bites you.
* * * LOW HITPOINT WARNING * * *
You hit the iguana.
You feel better.
You kill the iguana!
You hit the centaur skeleton but do no damage.
The centaur skeleton barely misses you. The centaur skeleton hits you.
* * * LOW HITPOINT WARNING * * *
You hit the centaur skeleton.
The centaur skeleton is lightly damaged.
The centaur skeleton misses you.
You hit the centaur skeleton.
The centaur skeleton is moderately damaged.
The centaur skeleton hits you!
You die...

#.....#....###
###+###.##...#
#.....####.#
#######
#.#####
#.....#
####.## #..#
######.##
#..Z@..#
<....######
###


You could see a centaur skeleton.

Vanquished Creatures
  An iguana (D:4)
  4 adders
  2 dart slugs
  2 leopard geckos (D:1)
  10 orcs (D:3)
  7 bats
  2 giant cockroaches (D:2)
  14 goblins
  10 hobgoblins
  4 frilled lizards
  12 kobolds
  11 rats
79 creatures vanquished.

Notes
Turn   | Place    | Note
-------+----------+-------------------------------------------
     0 | D:1      | Borgoz the Kobold Gladiator began the quest for the Orb.
     0 | D:1      | Reached XP level 1. HP: 12/12 MP: 1/1
   107 | D:1      | Reached XP level 2. HP: 11/17 MP: 2/2
   111 | D:1      | Reached skill level 1 in Stealth
   493 | D:1      | Reached XP level 3. HP: 22/22 MP: 3/3
  1031 | D:2      | Reached XP level 4. HP: 26/27 MP: 4/4
  1034 | D:2      | Reached skill level 1 in Armour
  1636 | D:3      | Reached XP level 5. HP: 32/32 MP: 5/5
  1716 | D:3      | Found a faded altar of an unknown god.
  2286 | D:4      | Found a staircase to the Ecumenical Temple.
  2331 | D:4      | Slain by a centaur skeleton

Levels and vault maps discovered:
D:1:      psy_arrival_statuary, layout_loops_ring, minmay_pentomino_w2
D:2:      layout_loops_ring, corexii_leaking_fountain
D:3:      layout_loops_cross, chequers_ecumenical_altar_simple_redux
D:4:      layout_rooms, kennysheep_little_box, nicolae_overflow_crystal_walls,
          minmay_temple_entry_glassed_door, glass_columns_b,
          nicolae_ru_path_of_blood

Skill      XL: |  1  2  3  4  5 |
---------------+----------------+-----
Stealth        | 1 2 |  2.6
Dodging        | 4 |  4.3
Armour         | 1 |  1.5
Throwing       | 3 |  3.1
Fighting       | 3 |  3.1
Short Blades   | |  4.7

Action                   |  1- 3 |  4- 6 || total
-------------------------+-------+-------++-------
Melee: Rapier            |   109 |     7 ||   116
       Short sword       |       |   162 ||   162
  Use: Potion            |       |     4 ||     4
       Scroll            |       |     2 ||     2
 Stab: Sleeping          |     6 |     4 ||    10
  Eat: Chunk             |     9 |     8 ||    17
Armor: Leather armour    |    19 |    24 ||    43
Dodge: Dodged            |    96 |   132 ||   228

Table legend:
 A = Non-vault XP
 B = Vault XP
 C = Vault XP percentage of total XP
 D = Non-vault monster count
 E = Vault monster count
 F = Vault count percentage of total count
                 A         B        C        D         E       F
            +---------+---------+-------+---------+---------+-------
      Total |     224 |       3 |   1.3 |      77 |       2 |   2.5
            +---------+---------+-------+---------+---------+-------
        D:1 |      43 |       3 |   6.5 |      25 |       2 |   7.4
        D:2 |      53 |       0 |   0.0 |      21 |       0 |   0.0
        D:3 |      89 |       0 |   0.0 |      30 |       0 |   0.0
        D:4 |      39 |       0 |   0.0 |       1 |       0 |   0.0
            +---------+---------+-------+---------+---------+-------
